 Dungeon Crawl Stone Soup version 0.29-a0-453-gf113fcf677 (webtiles) character file.

Game seed: 15152467715058780967

50749 Bruhh the Basher (level 14, -19/92 HPs)
             Began as a Gargoyle Fighter on May 20, 2022.
             Was the Champion of Zin.
             Killed from afar by a crystal guardian (30 damage)
             ... with a crystal bolt
             ... on level 1 of the Abyss.
             The game lasted 00:32:32 (16918 turns).

Bruhh the Basher (Gargoyle Fighter)                Turns: 16918, Time: 00:32:34

Health: -19/92     AC: 33    Str: 31    XL:     14   Next: 56%
Magic:  22/22      EV:  8    Int: 13    God:    Zin [******]
Gold:   1565       SH:  6    Dex: 13    Spells: 13/13 levels left

rFire   . . .      SeeInvis +   Z - +9 flail "Eruocs" {protect, Int+4 Dex+4 SInv Stlth+}
rCold   . . .      Faith    .   c - +0 buckler
rNeg    + . .      Spirit   .   a - +0 plate armour
rPois   ∞          Reflect  .   t - +0 helmet
rElec   +          Harm     .   s - +1 cloak
rCorr   .          Rampage  .   (no gloves)
Will    +....                   (no boots)
Stlth   ..........              g - amulet of regeneration
HPRegen 1.05/turn               k - +4 ring of protection
MPRegen 0.18/turn               d - +6 ring of strength

@: flying
A: sickness immunity, AC +10, big wings, negative energy resistance 1,
electricity resistance, torment resistance 1, petrification resistance
a: Renounce Religion, Recite, Vitalisation, Imprison, Sanctuary, Donate Gold


You were on level 1 of the Abyss.
You worshipped Zin.
Zin was exalted by your worship.
You visited 3 branches of the dungeon, and saw 18 of its levels.
You visited the Abyss 1 time.

You collected 1822 gold pieces.
You donated 257 gold pieces to Zin.

Inventory:

Hand Weapons
 v - a +2 flail of freezing
 D - a +2 short sword of venom
 H - a +2 vorpal morningstar
 Z - the +9 flail "Eruocs" (weapon) {protect, Int+4 Dex+4 SInv Stlth+}
   (You found it on level 6 of the Lair of Beasts)

   It grants its wielder temporary protection when it strikes (+7 to AC).
   Int:       It affects your intelligence (+4).
   Dex:       It affects your dexterity (+4).
   SInv:      It lets you see invisible.
   Stlth:     It makes you more stealthy.
Missiles
 N - a throwing net
Armour
 a - a +0 plate armour (worn)
 b - a +0 scale mail
 c - a +0 buckler (worn)
 s - a +1 cloak (worn)
 t - a +0 helmet (worn)
 L - a +0 troll leather armour
Jewellery
 d - a +6 ring of strength (right hand)
 g - an amulet of regeneration (around neck)
 k - a +4 ring of protection (left hand)
 B - a ring of positive energy
 C - an amulet of guardian spirit
 G - a ring of flight
 I - a +4 ring of protection
 O - a +6 ring of strength
 Q - a ring of protection from cold
 S - a +4 ring of evasion
 V - a ring of ice
 W - a +4 ring of protection
 Y - a ring of protection from cold
Wands
 i - a wand of acid (5)
 z - a wand of mindburst (11)
 E - a wand of flame (36)
 X - a wand of paralysis (9)
Scrolls
 f - 5 scrolls of identify
 h - 2 scrolls of vulnerability
 l - a scroll of brand weapon
 m - 3 scrolls of torment
 n - 3 scrolls of enchant weapon
 o - 4 scrolls of poison
 p - 4 scrolls of teleportation
 u - a scroll of enchant armour
 w - 4 scrolls of fog
 y - 3 scrolls of immolation
 A - a scroll of blinking
 K - 3 scrolls of noise
 M - 3 scrolls of fear
 T - a scroll of magic mapping
Potions
 j - a potion of curing
 q - 2 potions of haste
 r - 4 potions of brilliance
 x - 4 potions of mutation
 F - 2 potions of invisibility
 J - a potion of might
 P - 2 potions of degeneration
 R - 2 potions of lignification
 U - a potion of flight


   Skills:
 - Level 12.0 Fighting
 + Level 13.9 Maces & Flails
 - Level 12.0 Armour
 + Level 10.5 Shields
 - Level 11.5 Invocations
 - Level 6.0 Evocations


You had 13 spell levels left.
You didn't know any spells.
Your spell library contained the following spells:

 Spells                   Type           Power      Damage    Failure   Level
 Sandblast                Erth           0%         2d4       92%         1
 Passwall                 Tmut/Erth      0%         N/A       98%         2
 Poisonous Vapours        Pois/Air       0%         N/A       98%         2
 Static Discharge         Conj/Air       0%         N/A       98%         2
 Stone Arrow              Conj/Erth      0%         3d7       100%        3
 Tukima's Dance           Hex            0%         N/A       100%        3
 Animate Armour           Summ/Erth      0%         N/A       100%        4
 Corpse Rot               Necr/Pois/Air  0%         N/A       100%        4
 Dispel Undead            Necr           0%         3d6       100%        4
 Passage of Golubria      Tloc           0%         N/A       100%        4
 Sticky Flame             Conj/Fire      0%         2d3       100%        4
 Yara's Violent Unravell  Hex/Tmut       0%         3d3       100%        5
 Lehudib's Crystal Spear  Conj/Erth      0%         10d2      100%        8


Dungeon Overview and Level Annotations

Branches:
Dungeon (11/15)            Temple (0/1) D:7            Lair (6/6) D:11
  Swamp (0/4) Lair:4        Snake (0/4) Lair:4        Slime (0/5) Lair:5
    Orc (1/2) D:11

Altars:
Ashenzari
Dithmenos
Fedhas
Gozag
Makhleb
Nemelex Xobeh
Wu Jian
Yredelemnul
Zin
The Shining One
Jiyva

Portals:
Hell: Lair:6

Annotations:
D:3 2 transporters, ouz's ghost, amateur OpTm
D:7 2 transporters, flestrin's ghost, novice MiFi
D:8 3 runed translucent doors, Turbonekonecno's ghost, novice SpEn
Orc:1 Erolcha


Innate Abilities, Weirdness & Mutations

You are immune to sickness and miasma.
Your stone body is resilient. (AC +10)
You are immune to poison.
Your large and strong wings let you fly.
You resist negative energy. (rN+)
You are resistant to electric shocks. (rElec)
You are resistant to unholy torment.
You are immune to petrification.


Message History

The white imp hits you but does no damage.
You hit the white imp.
Your weapon exudes an aura of protection.
The white imp is heavily wounded.
A quasit comes into view.
The white imp shouts, "Get thee gone, thou twisted nut-hook mish-mash!"
The white imp hits you but does no damage.
You completely miss the white imp.
The white imp is heavily wounded.
The quasit gives a chilling moan.
You closely miss the white imp.
The white imp is heavily wounded.
The white imp gestures at you. The puff of frost misses you.
You sock the white imp!
You kill the white imp!
That felt strangely unrewarding.
An iron imp comes into view.
The crystal guardian fires a crystalline bolt at you.
The crystal bolt freezes you!
The crystal guardian fires a crystalline bolt at you.
The crystal bolt misses you.
A vampire comes into view.
The crystal guardian fires a crystalline bolt at you.
The crystal bolt freezes you!!
The vampire hits you but does no damage.
The vampire closely misses you.
The crystal guardian fires a crystalline bolt at you.
The crystal bolt burns the quasit!
The quasit resists.
The quasit dies!
The crystal bolt burns you!!!
* * * LOW HITPOINT WARNING * * *
The vampire barely misses you. You block the vampire's attack.
The vampire attacks as you move away! The vampire hits you!
* * * LOW HITPOINT WARNING * * *
The vampire bites you.
* * * LOW HITPOINT WARNING * * *
The crystal guardian fires a crystalline bolt at you.
The crystal bolt burns you!!
You die...

# .####...... .......
.#.#..................
.......#.#.9#..#...#.
# #..........#.##
...... #. #.
..#....##..... #..
....####.#.##.........
#.....V....#.#..#.#.#
# #####...#...#.##. #
.##@#.###.#..#.. # .
...#...# .# ## ...
.#.##.# # .. ..
..#.### # # ....# # ..
. ## .## . # ### . .#
...


You could see a crystal guardian and a vampire.

Vanquished Creatures
  A dire elephant (Lair:6)
  A fire dragon (Lair:5)
  A centaur warrior (D:9)
  4 hydras
  A two-headed ogre (D:8)
  4 death yaks (Lair:1)
  A thrashing horror (Abyss:1)
  A sixfirhy (Lair:6)
  A lindwurm (Lair:4)
  A wizard (Lair:6)
  An oklob plant (Lair:4)
  A manticore (D:9)
  A rust devil (Abyss:1)
  5 cane toads
  9 elephants
  A torpor snail (Lair:6)
  3 black mambas
  2 gargoyles (D:11)
  3 orange demons (Lair:6)
  An unseen horror (D:10)
  A smoke demon (Lair:6)
  15 rime drakes
  4 kobold demonologists (D:10)
  Maggie (D:6)
  8 komodo dragons
  A red devil (Lair:6)
  2 ice devils (Lair:6)
  3 polar bears
  3 trolls (D:11)
  A tyrant leech (Lair:4)
  7 dream sheep (Lair:6)
  24 blink frogs
  A spriggan (D:9)
  A vampire (D:10)
  Sigmund (D:6)
  41 yaks
  3 shadows
  4 wyverns
  Eustachio (D:5)
  A vampire mosquito (D:11)
  3 basilisks
  11 steam dragons
  A neqoxec (Abyss:1)
  Menkaure (D:5)
  An acid dragon (D:10)
  2 swamp worms (Lair:4)
  Duvessa (D:7)
  6 hell hounds
  13 water moccasins
  2 orc warriors
  A sky beast (D:6)
  4 black bears
  4 ice beasts
  4 ogres
  20 wolves
  2 centaurs
  A small abomination (Abyss:1)
  3 kobold brigands
  5 gnoll sergeants
  2 necrophages
  7 bullfrogs
  4 scorpions
  10 wights
  Dowan (D:7)
  5 killer bees (D:10)
  4 howler monkeys
  8 electric eels
  2 lava snakes (Lair:3)
  2 bullfrog zombies (D:4)
  8 hounds
  3 jellies
  2 orc priests
  Ijyb (D:5)
  8 orc wizards
  2 hound zombies (D:4)
  6 adders
  23 gnolls
  A shadow imp (D:4)
  2 white imps
  An ufetubus (D:6)
  3 worms
  27 orcs
  4 ball pythons
  2 bats
  3 endoplasms
  6 giant cockroaches
  9 goblins
  9 hobgoblins
  24 kobolds
  5 quokkas
  3 frilled lizards
  5 rats
  A bush (Lair:4)
454 creatures vanquished.

Vanquished Creatures (others)
  A rime drake (Lair:5)
  A vampire mosquito (D:11)
  A quasit (Abyss:1)
  44 fungi
  A pillar of salt (D:9)
  47 plants
  5 toadstools (D:1)
100 creatures vanquished.

Grand Total: 554 creatures vanquished

Notes
Turn   | Place    | Note
-------+----------+-------------------------------------------
     0 | D:1      | Bruhh the Gargoyle Fighter began the quest for the Orb.
     0 | D:1      | Reached XP level 1. HP: 14/14 MP: 1/1
   186 | D:1      | Found a faded altar of an unknown god.
   193 | D:1      | Reached XP level 2. HP: 19/19 MP: 2/2
   198 | D:1      | Prayed at the altar of an unknown god.
   198 | D:1      | Became a worshipper of Zin the Law-Giver
   198 | D:1      | Reached * piety under Zin
   257 | D:1      | Reached skill level 3 in Maces & Flails
   469 | D:1      | Reached ** piety under Zin
   508 | D:2      | Reached XP level 3. HP: 19/23 MP: 3/3
   658 | D:2      | Reached skill level 4 in Maces & Flails
   666 | D:2      | Reached XP level 4. HP: 28/28 MP: 4/4
   895 | D:2      | Reached *** piety under Zin
  1315 | D:3      | Found a transporter.
  1353 | D:3      | Found a transporter.
  1357 | D:3      | Noticed ouz's ghost (amateur OpTm)
  1392 | D:3      | Reached skill level 5 in Maces & Flails
  1392 | D:3      | Reached XP level 5. HP: 32/32 MP: 5/5
  1789 | D:4      | Found a basalt altar of Yredelemnul.
  1801 | D:4      | Reached skill level 6 in Maces & Flails
  1801 | D:4      | Reached XP level 6. HP: 37/37 MP: 6/6
  1817 | D:4      | Reached **** piety under Zin
  1942 | D:4      | Reached skill level 7 in Maces & Flails
  1948 | D:4      | Found a blossoming altar of Fedhas.
  2046 | D:4      | Reached XP level 7. HP: 38/41 MP: 7/7
  2221 | D:5      | Entered Level 5 of the Dungeon
  2224 | D:5      | Noticed Menkaure
  2234 | D:5      | Killed Menkaure
  2243 | D:5      | Reached skill level 8 in Maces & Flails
  2259 | D:5      | Donated 104 gold pieces to Zin
  2332 | D:5      | Noticed Ijyb
  2360 | D:5      | Killed Ijyb
  2445 | D:5      | Reached skill level 1 in Invocations
  2672 | D:5      | Reached XP level 8. HP: 42/46 MP: 9/9
  2751 | D:5      | Noticed Eustachio
  2818 | D:5      | Killed Eustachio
  2819 | D:5      | Reached skill level 9 in Maces & Flails
  3187 | D:6      | Reached skill level 5 in Invocations
  3252 | D:6      | Noticed Maggie
  3277 | D:6      | Killed Maggie
  3278 | D:6      | Reached skill level 10 in Maces & Flails
  3278 | D:6      | Reached XP level 9. HP: 20/51 MP: 11/13
  3370 | D:6      | Noticed Sigmund
  3389 | D:6      | Killed Sigmund
  3645 | D:6      | Reached ***** piety under Zin
  3860 | D:7      | Noticed a hornet
  3872 | D:7      | Found a transporter.
  3877 | D:7      | Found a transporter.
  3877 | D:7      | Noticed flestrin's ghost (novice MiFi)
  4149 | D:7      | Found a staircase to the Ecumenical Temple.
  4324 | D:7      | Noticed a queen bee
  4441 | D:7      | Noticed Duvessa
  4442 | D:7      | Noticed Dowan
  4457 | D:7      | Killed Dowan
  4458 | D:7      | Killed Duvessa
  4764 | D:8      | Found a runed translucent gate.
  4764 | D:8      | Found a runed translucent gate.
  4765 | D:8      | Found a runed translucent gate.
  4765 | D:8      | Noticed Turbonekonecno's ghost (novice SpEn)
  4778 | D:8      | Found a viscous altar of Jiyva.
  4805 | D:8      | Reached skill level 10 in Invocations
  4822 | D:8      | Noticed a two-headed ogre
  5178 | D:8      | Found a broken altar of Ashenzari.
  5199 | D:8      | Reached XP level 10. HP: 57/58 MP: 17/17
  5218 | D:8      | Reached skill level 5 in Fighting
  5330 | D:8      | Killed a two-headed ogre
  5466 | D:8      | Found an ornate altar of the Wu Jian Council.
  5760 | D:9      | Noticed a centaur warrior
  5770 | D:9      | Killed a centaur warrior
  5791 | D:9      | Reached ****** piety under Zin
  5877 | D:9      | Reached skill level 5 in Armour
  6655 | D:9      | Noticed a manticore
  6664 | D:9      | Killed a manticore
  6710 | D:9      | Found a glowing golden altar of the Shining One.
  6781 | D:9      | Found a shadowy altar of Dithmenos.
  6781 | D:9      | Found a sparkling altar of Nemelex Xobeh.
  6789 | D:9      | Found a faded altar of an unknown god.
  6791 | D:9      | Found an opulent altar of Gozag.
  6793 | D:9      | Found a faded altar of an unknown god.
  6857 | D:10     | Entered Level 10 of the Dungeon
  6901 | D:10     | Reached XP level 11. HP: 35/71 MP: 18/18
  7317 | D:10     | Reached skill level 10 in Fighting
  7549 | D:10     | Found a burning altar of Makhleb.
  7599 | D:10     | Identified the +3 rapier of Dac Derch {freeze, Fragile rF+
                  | Int+4}
  8164 | D:11     | Found a staircase to the Orcish Mines.
  8433 | D:11     | Found a staircase to the Lair.
  8879 | D:11     | Identified the +8 rapier of Putrescence {protect, Dex+3}
  9266 | Lair:1   | Entered Level 1 of the Lair of Beasts
  9407 | Lair:1   | Reached skill level 10 in Armour
  9451 | Lair:1   | Reached XP level 12. HP: 81/81 MP: 19/19
  9599 | Lair:1   | You fall into a shaft and drop 1 floor!
  9783 | Lair:2   | Reached skill level 1 in Evocations
 10107 | Lair:2   | Noticed a death yak
 10108 | Lair:2   | Noticed a death yak
 10108 | Lair:2   | Noticed a death yak
 10140 | Lair:2   | Noticed a death yak
 10164 | Lair:1   | Killed a death yak
 10487 | Lair:1   | Killed a death yak
 10613 | Lair:1   | Killed a death yak
 10747 | Lair:1   | Killed a death yak
 11461 | Lair:3   | Reached skill level 5 in Evocations
 11491 | Lair:3   | Reached XP level 13. HP: 55/86 MP: 21/21
 12002 | Lair:4   | Found a staircase to the Snake Pit.
 12442 | Lair:4   | Reached skill level 11 in Maces & Flails
 12622 | Lair:4   | Reached skill level 5 in Shields
 12814 | Lair:4   | Found a staircase to the Swamp.
 12981 | Lair:4   | Identified the +0 robe "Fyddoufe" {Rampage rC+ Str+3 SInv}
 13798 | Lair:5   | Found a staircase to the Slime Pits.
 13960 | Lair:5   | Reached skill level 12 in Maces & Flails
 14355 | Lair:5   | Gained mutation: Your large and strong wings let you fly.
                  | [Gargoyle growth]
 14355 | Lair:5   | Reached XP level 14. HP: 79/92 MP: 22/22
 14795 | Lair:6   | Entered Level 6 of the Lair of Beasts
 15013 | Lair:6   | Reached skill level 13 in Maces & Flails
 15603 | Lair:6   | Noticed a dire elephant
 15619 | Lair:6   | Killed a dire elephant
 15717 | Lair:6   | Reached skill level 10 in Shields
 15717 | Lair:6   | Found a burning altar of Makhleb.
 16287 | Lair:6   | Found a gateway to Hell.
 16294 | Lair:6   | Identified the +9 flail "Eruocs" {protect, Int+4 Dex+4 SInv
                  | Stlth+}
 16552 | Orc:1    | Entered Level 1 of the Orcish Mines
 16571 | Orc:1    | Noticed Erolcha
 16587 | Orc:1    | Cast into level 1 of the Abyss (Erolcha)
 16587 | Abyss:1  | Found a corrupted altar of Lugonu.
 16632 | Abyss:1  | Noticed a balrug
 16787 | Abyss:1  | Noticed a purple draconian
 16918 | Abyss:1  | Killed from afar by a crystal guardian

Illustrated notes

Levels and vault maps discovered:
D:1:      ldierk_walled_garden, layout_rooms, ebering_ecumenical_altar_rust
D:2:      layout_rooms, st_stairs_11, grunt_decor_junction,
          minmay_misc_feat_square
D:3:      layout_loops_ring, gammafunk_ghost_stat_death,
          minmay_misc_feat_pillars, minmay_misc_feat_room
D:4:      layout_rooms, mainiacjoe_overflow_cross_hatched,
          nicolae_yredelemnul_corpse_copse
D:5:      layout_loops_cross, uniq_menkaure, uniq_eustachio, uniq_ijyb
D:6:      layout_basic, hex_large, uniq_sigmund, uniq_maggie
D:7:      layout_loops_corners, minmay_temple_entry_mini_moons,
          gammafunk_ghost_hive, uniq_duvessa
D:8:      layout_gridville, mainiacjoe_overflow_boulevard,
          mainiacjoe_overflow_alcove_2, gammafunk_ghost_ooze
D:9:      layout_roguey, tso_oasis_becter, chequers_temple_overflow_minitemple,
          the_hattery
D:10:     layout_layer_cave, kennysheep_little_box
D:11:     layout_basic, erik_lair_island, orc_0_dummy
Lair:1:   layout_big_grid, enter_volcano_3
Lair:2:   dpeg_oklob_shooting_range, layout_chaotic_city, grunt_megastairs_2
Lair:3:   layout_cave_pods, nicolae_lair_liquid_snakes, lemuel_fruit_tree
Lair:4:   layout_layer_cave, minmay_swamp_entry_worms, dummy_snake_entry,
          minmay_lair_oklob_bushes
Lair:5:   layout_concentric_octagons, nicolae_slime_entry_slimehenge,
          bobbens_dragon_lair_wall, serial_bayou_shore_b
Lair:6:   evil_forest, layout_cave_pods, st_stairs_8
Orc:1:    layout_diamond_mine, uniq_erica, uniq_maurice, uniq_josephine,
          uniq_erolcha
Abyss:1:  base:
Lair:5

Skill      XL: |  1  2  3  4  5  6  7  8  9 10 11 12 13 14 |
---------------+-------------------------------------------+-----
Maces & Flails | 3 4 5 6 7 8 10 12 13 | 13.9
Invocations    | 2 6 10 11 | 11.5
Fighting       | 4 9 11 12 | 12.0
Armour         | 6 10 12 | 12.0
Evocations     | 5 6 |  6.0
Shields        | 8 10 | 10.5

Action                   |  1- 3 |  4- 6 |  7- 9 | 10-12 | 13-15 || total
-------------------------+-------+-------+-------+-------+-------++-------
Melee: Flail             |   120 |   187 |   316 |       |    48 ||   671
       Short sword       |       |       |    39 |       |       ||    39
       Mace              |       |       |     4 |    81 |       ||    85
       Morningstar       |       |       |       |   646 |   660 ||  1306
Invok: Recite            |       |       |     3 |     3 |     6 ||    12
       Vitalisation      |       |       |     2 |     3 |     3 ||     8
       Donate Gold       |       |       |     1 |       |       ||     1
       Sanctuary         |       |       |       |     1 |     1 ||     2
Evoke: Wand              |       |       |     1 |     6 |     6 ||    13
  Use: Potion            |       |     1 |     8 |     4 |     7 ||    20
       Scroll            |       |       |    13 |     3 |     8 ||    24
 Stab: Confused          |       |       |       |     1 |     3 ||     4
Armor: Scale mail        |   117 |   101 |   308 |    70 |       ||   596
       Plate armour      |       |       |       |   268 |   249 ||   517
       Troll leather arm |       |       |       |   286 |   367 ||   653
Dodge: Dodged            |   100 |    86 |   205 |   390 |   386 ||  1167
Block: Buckler           |    45 |    38 |    91 |   189 |   201 ||   564

Table legend: (Time is in decaauts)
 A = Elapsed time spent in this place.
 B = Non-inter-level travel time spent in this place.
 C = Inter-level travel time spent in this place.
 D = Time resting spent in this place.
 E = Time spent auto-exploring this place.
 F = Levels seen in this place.
 G = Mean time per level.
                   A        B        C        D        E       F      G
               +--------+--------+--------+--------+--------+-----+--------+
         Total |  16965 |  16293 |    672 |    990 |  11026 |  19 |  892.9 |
       Dungeon |   9397 |   8982 |    415 |    499 |   6249 |  11 |  854.3 |
          Lair |   7200 |   6945 |    255 |    491 |   4562 |   6 | 1200.0 |
  Orcish Mines |     30 |     30 |      0 |      0 |      0 |   1 |   30.0 |
         Abyss |    337 |    337 |      0 |      0 |    215 |   1 |  337.0 |
               +--------+--------+--------+--------+--------+-----+--------+

Top non-repeatable levels by time:
  Lair:4: 1561 daAuts
  Lair:6: 1549 daAuts
    D:10: 1302 daAuts
     D:7: 1290 daAuts
     D:9: 1193 daAuts
    D:11: 1186 daAuts
  Lair:3: 1110 daAuts
  Lair:5: 1097 daAuts
  Lair:2: 951 daAuts
  Lair:1: 929 daAuts
     D:5: 876 daAuts
     D:6: 662 daAuts
     D:2: 610 daAuts
     D:8: 600 daAuts
     D:4: 589 daAuts
